 Dungeon Crawl Stone Soup version 0.28.0-45-g0d030f2227 (webtiles) character file.

Game seed: 12366339152350169931

1 Descartes the Scratcher (level 1, 0/9 HPs)
             Began as a Felid Transmuter on Apr 8, 2022.
             Slain by a hobgoblin (3 damage)
             ... on level 1 of the Dungeon.
             The game lasted 00:00:15 (23 turns).

Descartes the Scratcher (Felid Transmuter)            Turns: 23, Time: 00:00:16

Health: 0/9        AC:  1    Str:  6    XL:     1   Next: 16%
Magic:  4/4        EV: 14    Int: 14    God:
Gold:   0          SH:  0    Dex: 16    Spells: 3/4 levels left
                                        Lives:  0   Deaths: 0

rFire   . . .      SeeInvis +     - Unarmed
rCold   . . .      Faith    .   (shield unavailable)
rNeg    . . .      Spirit   .   (armour unavailable)
rPois   .          Reflect  .   (helmet unavailable)
rElec   .          Harm     .   (cloak unavailable)
rCorr   .          Rampage  .   (gloves unavailable)
Will    .....                   (boots unavailable)
Stlth   ++........              (no amulet)
HPRegen 0.03/turn               (no ring)
MPRegen 0.09/turn               (no ring)

@: constricted, quick
A: very small, claws 1, fangs 3, see invisible, speed 1, shaggy fur 1, stealthy
paws, no weapons or thrown items, no armour, multi-lived
a: no special abilities


You were on level 1 of the Dungeon.
You visited 1 branch of the dungeon, and saw 1 of its levels.

You aren't carrying anything.


   Skills:
 - Level 1.0 Fighting
 + Level 2.7 Dodging
 * Level 0.3 Stealth
 + Level 3.0 Unarmed Combat
 - Level 2.0 Spellcasting
 + Level 2.2 Transmutations


You had 3 spell levels left.
You knew the following spells:

 Your Spells              Type           Power      Damage    Failure   Level
a - Beastly Appendage     Tmut           14%        N/A       10%         1

Your spell library contained the following spells:

 Spells                   Type           Power      Damage    Failure   Level
 Wereblood                Tmut           7%         N/A       14%         2
 Spider Form              Tmut/Pois      4%         N/A       41%         3
 Ice Form                 Ice/Tmut       4%         N/A       83%         4


Dungeon Overview and Level Annotations

Branches:
Dungeon (1/15)

Altars:


Innate Abilities, Weirdness & Mutations

You have sharp claws.
You have razor-sharp teeth.
You have supernaturally acute eyesight. (SInv)
You cover ground quickly. (Speed+)
You are covered in fur. (AC +1)
Your paws help you pounce on unaware monsters.
You are incapable of wielding weapons or throwing items.
You cannot wear armour.
You gain extra lives every three experience levels.


Message History

Welcome, Descartes the Felid Transmuter.
The magnificent Orb of Zot lies far below, as if waiting for you to find it.
Press ? for a list of commands and other information.
Found a staircase leading out of the dungeon.
Unknown command.
You open the large door.
There is a large open door here.
The anaconda hisses angrily.
Found a stone staircase leading down.
No reachable target in view!
A ball python comes into view.
A ball python is nearby!
A ball python and a hobgoblin come into view.
Found a scroll labelled KIHOBO SOUPOER.
The ball python hisses angrily.
The hobgoblin shouts!
You hear a shout!
There is a stone staircase leading down here.
A hobgoblin comes into view.
The hobgoblin misses you.
You barely miss the hobgoblin. The hobgoblin barely misses you.
The ball python hisses angrily.
You scratch the ball python.
The ball python is severely wounded.
You hear an angry hiss.
A ball python comes into view.
The ball python completely misses you. The ball python grabs you.
The ball python constricts you. The hobgoblin hits you.
The ball python bites you. The ball python constricts you.
You escape the ball python's grasp.
There is a stone staircase leading down here.
You closely miss the ball python. You bite the ball python.
You kill the ball python!
The ball python bites you. The ball python closely misses you.
The hobgoblin misses you.
There is a stone staircase leading down here.
You see here a ball python corpse.
The ball python misses you. The ball python grabs you.
The ball python constricts you. The hobgoblin hits you.
You die...

.. #. ...###
###.##.# ......
....#.###......
#......#......
##.........^..
#..........?..
#...........
#gSgS......
#@###......
#.## ..... #..#
.... ####.# ...
♣♣#....# ..
♣S#..♣.# .
#♣♣##.♣.#
#<..'...#
#...'.♣.#


You could see 2 hobgoblins and 2 ball pythons.

Vanquished Creatures
  A ball python (D:1)
1 creature vanquished.

Notes
Turn   | Place    | Note
-------+----------+-------------------------------------------
     0 | D:1      | Descartes the Felid Transmuter began the quest for the Orb.
     0 | D:1      | Reached XP level 1. HP: 9/9 MP: 4/4
     5 | D:1      | Noticed an anaconda
    23 | D:1      | Slain by a hobgoblin

Illustrated notes

Levels and vault maps discovered:
D:1:      sevenhm_arrival_forest_fort_small_2, layout_basic,
          hellmonk_ecumenical_altar_lost_god

Action                   || total
-------------------------++-------
Melee: Unarmed           ||     3
       Bite              ||     1
Dodge: Dodged            ||     6
